Map: Bel'Shir Vestige LE (Void)

Players

Loken - Winner!

  • Race: Zerg Zerg
  • League: Platinum
  • Spawn Location: 5:00

dallaskuken

  • Race: Protoss Protoss
  • League: Platinum
  • Spawn Location: 11:00

VOD

Have the link to the VOD?

Description

Time

  • Played on: April 11, 2017, 4:43 p.m.
  • Length: 14:43
Show
View Real Time Build Order
Export as new Build Order

Loken Zerg - Winner!

Build Orders: Pool First 

Get SALT Encoding   

  12  0:01  Drone  
  13  0:10  Drone  
  14  0:17  Overlord  
  14  0:35  Drone  
  14  0:36  Drone x2  
  17  1:03  Drone  
  18  1:16  Hatchery, Spawning Pool  
  18  1:18  Drone  
  17  1:21  Extractor  
  16  1:39  Drone  
  17  1:40  Drone x2  
  19  2:02  Zergling x2  
  19  2:03  Zergling x2  
  21  2:12  Queen  
  16  2:30  Spine Crawler  
  16  2:32  Queen  
  16  2:34  Drone  
  18  2:41  Drone x3  
  21  2:53  Drone  
  22  2:58  Drone x2  
  24  3:26  Queen  
  26  3:29  Zergling x2  
  26  3:30  Zergling x2  
  28  3:36  Overlord x2  
  28  3:49  Spine Crawler  
  28  3:52  Hatchery  
  26  3:57  Spine Crawler  
  26  3:58  Drone x3  
  26  4:01  Metabolic Boost  
  28  4:12  Zergling x2  
  28  4:13  Zergling x4  
  31  4:18  Spore Crawler  
  30  4:27  Drone x3  
  30  4:28  Drone  
  34  4:37  Zergling x4  
  36  4:47  Zergling x2  
  36  4:48  Zergling x8  
  41  4:54  Drone, Extractor  
  41  5:01  Zergling x2  
  42  5:13  Zergling x2  
  43  5:15  Lair  
  43  5:17  Drone x4  
  38  5:50  Zergling x2  
  38  5:51  Zergling x12  
  45  6:00  Zergling x2  
  45  6:01  Zergling x6  
  49  6:11  Queen  
  48  6:12  Queen  
  48  6:17  Overlord  
  48  6:18  Overlord  
  49  6:22  Queen, Hydralisk Den  
  49  6:24  Extractor  
  46  6:56  Zergling x2  
  46  6:57  Hydralisk x8  
  46  6:59  Overlord  
  60  7:16  Extractor  
  54  7:43  Drone  
  56  7:44  Drone x12  
  67  7:52  Muscular Augments  
  67  8:02  Overlord  
  67  8:03  Overlord x2  
  67  8:29  Drone x9  
  67  8:33  Pneumatized Carapace  
  76  8:42  Hydralisk x2  
  76  8:43  Hydralisk x2  
  84  8:51  Overseer x2  
  84  9:02  Spire  
  83  9:04  Drone  
  83  9:05  Drone x6  
  83  9:09  Overlord  
  90  9:46  Overlord x2  
  90  9:47  Overlord x3  
  90  9:48  Overlord x2  
  90  10:14  Hydralisk x14  
  90  10:15  Hydralisk  
  120  10:21  Extractor  
  120  10:24  Extractor  
  120  10:26  Evolution Chamber  
  117  10:28  Evolution Chamber  
  116  10:56  Zergling x2  
  116  10:57  Zergling x34  
  113  11:11  Hydralisk  
  113  11:12  Hydralisk x6  
  127  11:19  Hatchery  
  126  11:29  Hatchery  
  125  11:53  Hydralisk x2  
  127  11:55  Overlord  
  127  11:56  Overlord x6  
  129  12:02  Infestation Pit  
  129  12:03  Zerg Melee Weapons Level 1  
  129  12:04  Zerg Ground Armor Level 1  
  128  12:15  Hydralisk x6  
  140  12:36  Hydralisk x5  
  96  13:05  Hydralisk  
  80  13:06  Hydralisk x7  
  96  13:19  Zergling x2  
  99  13:20  Zergling x34  
  108  13:38  Zergling x12  
  108  13:39  Zergling x8  
  101  13:58  Drone x8  
Show
View Real Time Build Order
Export as new Build Order

dallaskuken Protoss 

Build Orders: Cannon Rush 

Get SALT Encoding   

  12  0:01  Probe (Chrono Boost)  
  13  0:12  Probe (Chrono Boost)  
  14  0:19  Pylon  
  14  0:23  Probe (Chrono Boost)  
  15  0:38  Probe (Chrono Boost)  
  15  0:41  Forge  
  16  0:55  Pylon  
  16  1:10  Probe (Chrono Boost)  
  17  1:19  Pylon  
  17  1:21  Probe (Chrono Boost)  
  18  1:26  Pylon  
  18  1:31  Probe (Chrono Boost)  
  19  1:39  Photon Cannon  
  19  1:42  Photon Cannon  
  19  1:46  Photon Cannon  
  19  1:54  Photon Cannon  
  19  2:04  Photon Cannon  
  19  2:10  Gateway  
  19  2:12  Pylon  
  19  2:24  Assimilator  
  19  2:32  Probe (Chrono Boost)  
  20  2:43  Pylon  
  20  2:45  Probe (Chrono Boost)  
  21  2:55  Assimilator  
  21  2:57  Cybernetics Core  
  21  3:21  Probe (Chrono Boost)  
  21  3:26  Nexus  
  22  3:31  Pylon  
  22  3:32  Pylon, Probe (Chrono Boost)  
  23  3:37  Warp Gate  
  23  3:42  Probe (Chrono Boost)  
  23  3:48  Pylon  
  24  3:53  Probe (Chrono Boost)  
  25  4:03  Probe (Chrono Boost)  
  26  4:10  Stargate  
  26  4:14  Probe (Chrono Boost)  
  27  4:22  Gateway  
  27  4:24  Pylon  
  27  4:35  Probe (Chrono Boost)  
  29  4:45  Probe (Chrono Boost)  
  29  4:53  Stalker  
  29  4:56  Void Ray, Probe (Chrono Boost)  
  29  4:59  Probe (Chrono Boost)  
  37  5:06  Probe (Chrono Boost)  
  38  5:17  Mothership Core (Chrono Boost)  
  40  5:27  Photon Cannon  
  40  5:28  Photon Cannon  
  37  6:15  Probe (Chrono Boost)  
  38  6:22  Stalker x2  
  38  6:24  Void Ray  
  46  6:26  Probe (Chrono Boost)  
  47  6:36  Probe (Chrono Boost)  
  48  6:41  Nexus  
  48  6:42  Pylon  
  48  6:45  Pylon  
  49  6:47  Probe (Chrono Boost)  
  43  6:57  Probe (Chrono Boost)  
  35  7:08  Sentry x2, Probe (Chrono Boost)  
  35  7:10  Void Ray  
  41  7:38  Probe (Chrono Boost)  
  42  7:49  Probe (Chrono Boost)  
  43  7:55  Stalker x2, Robotics Facility  
  47  8:00  Probe (Chrono Boost)  
  48  8:07  Probe (Chrono Boost)  
  48  8:10  Probe (Chrono Boost)  
  50  8:13  Probe (Chrono Boost)  
  50  8:18  Probe (Chrono Boost)  
  52  8:21  Probe (Chrono Boost)  
  52  8:23  Zealot  
  52  8:24  Probe (Chrono Boost)  
  52  8:26  Zealot  
  58  8:28  Probe (Chrono Boost)  
  58  8:31  Probe (Chrono Boost)  
  60  8:39  Probe (Chrono Boost)  
  61  8:42  Probe (Chrono Boost)  
  62  8:49  Probe (Chrono Boost)  
  62  8:52  Probe (Chrono Boost)  
  64  8:56  Robotics Bay  
  64  9:00  Void Ray  
  68  9:03  Probe (Chrono Boost)  
  68  9:07  Zealot x2  
  73  9:13  Probe (Chrono Boost)  
  74  9:32  Immortal  
  74  9:36  Probe (Chrono Boost)  
  79  9:38  Extended Thermal Lance  
  79  9:41  Assimilator, Probe (Chrono Boost)  
  79  9:43  Assimilator  
  80  9:46  Void Ray  
  80  9:52  Probe (Chrono Boost)  
  85  10:02  Probe (Chrono Boost)  
  86  10:15  Colossus  
  92  10:23  Assimilator  
  92  10:25  Photon Cannon, Assimilator  
  92  10:27  Photon Cannon  
  92  10:29  Photon Cannon  
  92  10:31  Photon Cannon  
  92  10:54  Probe (Chrono Boost)  
  87  11:05  Probe (Chrono Boost)  
  87  11:07  Pylon  
  87  11:08  Pylon  
  78  11:15  Probe (Chrono Boost)  
  78  11:16  Zealot x2  
  83  11:22  Colossus  
  89  11:26  Probe (Chrono Boost)  
  89  11:30  Probe (Chrono Boost)  
  91  11:36  Probe (Chrono Boost)  
  92  11:40  Probe (Chrono Boost)  
  94  11:47  Stalker x2, Probe (Chrono Boost)  
  94  11:51  Probe (Chrono Boost)  
  99  11:57  Probe (Chrono Boost)  
  101  12:01  Probe (Chrono Boost)  
  101  12:03  Nexus  
  101  12:04  Protoss Ground Weapons Level 1  
  101  12:05  Pylon  
  101  12:07  Pylon  
  101  12:08  Probe (Chrono Boost)  
  102  12:15  Zealot  
  102  12:16  Zealot, Colossus  
  102  12:18  Probe (Chrono Boost)  
  113  12:29  Probe (Chrono Boost)  
  114  12:39  Zealot x2  
  114  12:40  Robotics Facility  
  85  13:09  Colossus  
  91  13:14  Zealot x2  
  91  13:17  Void Ray  
  75  13:44  Stalker x2  
  75  13:46  Immortal  
  75  13:52  Probe (Chrono Boost)  
  76  14:09  Photon Cannon  
  81  14:10  Photon Cannon  
  81  14:12  Photon Cannon  
  81  14:13  Photon Cannon  
  81  14:15  Sentry x2  
  81  14:16  Photon Cannon  
Tags
 
Add a new tag
Caveats
  • Supply blocks, unpowered buildings, or Contaminate may cause inaccurate times.
  • Supply counts are checked every 10 seconds.